 Dungeon Crawl Stone Soup version 0.20-a0-317-gc038824 (webtiles) character file.

77 RumaTero the Skirmisher (level 4, 0/49 HPs)
             Began as an Ogre Berserker on Dec 21, 2016.
             Was a Believer of Trog.
             Killed from afar by an orc wizard (7 damage)
             ... with a magic dart
             ... on level 2 of the Dungeon.
             The game lasted 00:04:37 (2482 turns).

RumaTero the Skirmisher (Ogre Berserker)            Turns: 2482, Time: 00:04:40

Health: 0/49       AC:  3    Str: 22    XL:     4   Next: 33%
Magic:  4/4        EV: 10    Int:  8    God:    Trog [**....]
Gold:   109        SH:  0    Dex:  8    Spells: 3/3 levels left

rFire  . . .     SeeInvis .     a - +0 mace
rCold  . . .     Gourm    .     b - +0 animal skin
rNeg   . . .     Faith    .     (no shield)
rPois  .         Spirit   .     (helmet restricted)
rElec  .         Reflect  .     (no cloak)
rCorr  .         Harm     .     (gloves unavailable)
MR     ++...                    (boots unavailable)
Stlth  +.........               (no amulet)
                                (no ring)
                                (no ring)

@: exhausted, regenerating, slowed, very slow
A: unfitting armour, tough skin 1
a: Berserk, Trog's Hand, Burn Spellbooks, Renounce Religion


You were on level 2 of the Dungeon.
You worshipped Trog.
Trog was pleased with you.
You were not hungry.

You visited 1 branch of the dungeon, and saw 3 of its levels.

You collected 109 gold pieces.

Inventory:

Hand Weapons
 a - a +0 mace (weapon)
Missiles
 f - 5 large rocks (quivered)
Armour
 b - a +0 animal skin (worn)
Jewellery
 m - a cursed ring of ice {unknown}
Scrolls
 d - 2 scrolls of recharging {unknown}
 e - a scroll of random uselessness {unknown}
 i - a scroll of identify {unknown}
Potions
 h - a potion of curing {unknown}
 j - a potion of agility {unknown}
 l - a potion of brilliance {unknown}
 n - a potion of haste {unknown}
Books
 k - a book of Misfortune

   Spells                             Type                      Level
   a - Confusing Touch                Hexes                        1
   b - Confuse                        Hexes                        3
   c - Gell's Gravitas                Hexes/Translocation          3
   d - Petrify                        Transmutation/Earth          4
   e - Metabolic Englaciation         Hexes/Ice                    5
   f - Yara's Violent Unravelling     Hexes/Transmutation          5
   Trog disapproves of the use of such an item.
Comestibles
 g - a meat ration


   Skills:
 + Level 4.9 Fighting
 * Level 3.8 Maces & Flails
 + Level 3.0 Dodging


You had 3 spell levels left.
You didn't know any spells.

Dungeon Overview and Level Annotations

Branches:
Dungeon (3/15)

Altars:


Innate Abilities, Weirdness & Mutations

You are too large for most types of armour.
You have tough skin. (AC +1)


Message History

You bump into the rock wall.
Something hits you but does no damage.
You start eating the bread ration.
Something hits you.
Keep eating?
* * * LOW HITPOINT WARNING * * *
You continue eating.
Something hits you.
* * * LOW HITPOINT WARNING * * *
Something hits you.
* * * LOW HITPOINT WARNING * * *
You continue eating.
You feel less confused. Something hits you but does no damage.
You finish eating.
That bread ration really hit the spot!
Your skin crawls.
You feel resistant to hostile enchantments.
You feel somewhat more hungry. Something hits you but does no damage.
You hear some strange, mumbled words.
A magic dart appears from out of thin air!
The magic dart hits you!
You die...

#.###.# #.##...# #..##.#
#.##...####
##...#.####.........#
#...................#
##...#.####.........#########
#..##.# #.................#
#..##.# ##...(.#.########.#
#.....# ##...<#.# #.# ##.####
#.@###.# #.# #.# #.{....# ##.##
#.# ##.##### ##...## #.# ##'##
###..#..# ##.# ##...## #...###.#
#..## ##.....## #.#..#..# #.#.##
##.......## #..#...##
####....####.........####...####
...........'.........'.......#


There were no monsters in sight!

Vanquished Creatures
  3 adders (D:2)
  A worm (D:2)
  2 leopard geckos (D:2)
  An orc (D:3)
  4 giant cockroaches
  4 goblins (D:1)
  4 hobgoblins
  6 jackals (D:1)
  A quokka (D:2)
  7 bats
  2 frilled lizards (D:1)
  4 kobolds
  2 rats
41 creatures vanquished.

Notes
Turn   | Place    | Note
-------+----------+-------------------------------------------
     0 | D:1      | RumaTero the Ogre Berserker began the quest for the Orb.
     0 | D:1      | Reached XP level 1. HP: 24/24 MP: 1/1
   106 | D:1      | Reached XP level 2. HP: 11/32 MP: 2/2
   970 | D:1      | Reached XP level 3. HP: 40/40 MP: 3/3
  1165 | D:2      | Reached ** piety under Trog
  1467 | D:2      | Reached XP level 4. HP: 37/49 MP: 4/4
  2482 | D:2      | Killed from afar by an orc wizard

Vault maps used:
D:1:      lemuel_arrival_room, corexii_item_surrounded_by_moat
D:3:      uniq_natasha

Skill      XL: |  1  2  3 |
---------------+----------+-----
Maces & Flails | 3 |  3.8
Dodging        | 3 |  3.0
Fighting       | |  4.9

Action                   |  1- 3 |  4- 6 || total
-------------------------+-------+-------++-------
Melee: Mace              |    80 |    44 ||   124
Throw: Large rock        |       |     2 ||     2
Invok: Berserk           |     2 |     1 ||     3
       Trog's Hand       |       |     2 ||     2
 Stab: Sleeping          |     1 |       ||     1
  Eat: Chunk             |     3 |     2 ||     5
       Bread ration      |       |     1 ||     1
       Fruit             |       |     1 ||     1
Armor: Animal skin       |    37 |    11 ||    48
Dodge: Dodged            |    43 |    15 ||    58
